 Dungeon Crawl Stone Soup version 0.24.0-28-g17ded55e90 (webtiles) character file.

Game seed: 13934431491142485235, levelgen mode: deterministic

34779 Curus the Fighter (level 13, -3/124 HPs)
             Began as a Minotaur Gladiator on Nov 11, 2019.
             Was the Champion of Okawaru.
             Slain by a six-headed hydra (5 damage)
             ... on level 5 of the Lair of Beasts.
             The game lasted 01:16:20 (15163 turns).

Curus the Fighter (Minotaur Gladiator)             Turns: 15163, Time: 01:16:21

Health: -3/124     AC:  9    Str: 18    XL:     13   Next: 44%
Magic:  0/26       EV: 21    Int: 10    God:    Okawaru [******]
Gold:   996        SH:  0    Dex: 19    Spells: 12/12 levels left

rFire    . . .     SeeInvis +   M - +2 quarterstaff (speed)
rCold    + . .     Gourm    .   (shield currently unavailable)
rNeg     . . .     Faith    .   r - +0 ring mail of the Ego {*Slow rC+ Int+3 SInv}
rPois    .         Spirit   +   c - +0 hat
rElec    .         Reflect  .   K - scarf {cloud immunity}
rCorr    .         Harm     .   g - +0 pair of fencer's gloves {Riposte Dex+3}
MR       +....                  A - +2 pair of boots {Fly}
Stlth    +.........             l - amulet of guardian spirit
HPRegen  0.30/turn              e - ring of protection from magic
MPRegen  0.20/turn              o - ring of magical power

@: about to teleport, flying, slowed, very slow
A: retaliatory headbutt, horns 2
a: Heroism, Finesse, Renounce Religion, Stop Flying


You were on level 5 of the Lair of Beasts.
You worshipped Okawaru.
Okawaru was exalted by your worship.
You were not hungry.

You visited 2 branches of the dungeon, and saw 17 of its levels.

You collected 996 gold pieces.

Inventory:

Hand Weapons
 a - a +3 quarterstaff
 D - a +4 lajatang of pain
 J - the +5 quarterstaff "Xifaemiq" {antimagic, Str+7}
   (Okawaru gifted it to you on level 2 of the Lair of Beasts)

   It reduces the magical energy of the wielder, and disrupts the spells and
   magical abilities of those hit.
   Natural abilities and divine invocations are not affected.
   It affects your strength (+7).
 M - a +2 quarterstaff of speed (weapon)
Missiles
 d - 3 throwing nets (quivered)
Armour
 b - a +0 leather armour
 c - a +0 hat (worn)
 g - the +0 pair of fencer's gloves (worn) {Riposte Dex+3}
   (Okawaru gifted it to you on level 10 of the Dungeon)

   It affects your dexterity (+3).
 h - a +0 pair of gloves
 r - the +0 ring mail of the Ego (worn) {*Slow rC+ Int+3 SInv}
   (You found it on level 7 of the Dungeon)

   It affects your intelligence (+3).
   It protects you from cold.
   It lets you see invisible.
   It may slow you when you take damage.
 x - a +0 pair of gloves of dexterity
 A - a +2 pair of boots of flying (worn)
 K - a scarf of cloud immunity (worn)
Jewellery
 e - a ring of protection from magic (left hand)
 l - an amulet of guardian spirit (around neck)
 m - an uncursed ring of attention
 n - an uncursed ring of fire
 o - a ring of magical power (right hand)
 q - an uncursed ring of stealth
 y - an uncursed ring of protection from cold
Wands
 t - a wand of disintegration (37)
 u - a wand of acid (29)
 I - a wand of flame (34)
 N - a wand of iceblast (11)
Scrolls
 i - 18 scrolls of identify
 j - 17 scrolls of remove curse
 k - 3 scrolls of amnesia
 p - 4 scrolls of teleportation
 v - a scroll of fear
 G - 2 scrolls of fog
Potions
 s - 2 potions of cancellation
 w - 3 potions of degeneration
 z - a potion of curing
 B - 2 potions of haste
 L - a potion of agility
 P - a potion of magic
Miscellaneous
 C - a fan of gales
 E - a fan of gales
 F - a sack of spiders
 H - a phantom mirror
Comestibles
 f - 25 rations


   Skills:
 + Level 14.2 Fighting
 - Level 14.0 Staves
 - Level 2.0 Throwing
 + Level 13.4 Dodging
 - Level 7.4 Invocations
 - Level 6.7 Evocations


You had 12 spell levels left.
You didn't know any spells.
Your spell library contained the following spells:

 Spells                   Type           Power        Failure   Level  Hunger
 Sandblast                Erth           #.....       56%         1    ##.....
 Passwall                 Tmut/Erth      #.......     71%         2    ###....
 Swiftness                Chrm/Air       #.......     71%         2    ###....
 Recall                   Summ/Tloc      N/A          90%         3    ####...
 Stone Arrow              Conj/Erth      #.....       90%         3    ####...
 Passage of Golubria      Tloc           N/A          100%        4    #####..
 Petrify                  Tmut/Erth      #.......     100%        4    #####..
 Aura of Abjuration       Summ           #.........   100%        5    ######.
 Lee's Rapid Deconstruct  Erth           #.........   100%        5    ######.
 Summon Demon             Summ           #.........   100%        5    ######.
 Summon Forest            Summ/Tloc      #.........   100%        5    ######.
 Summon Mana Viper        Hex/Summ       #.......     100%        5    ######.
 Darkness                 Hex            #.........   100%        6    #######
 Invisibility             Hex            #.......     100%        6    #######
 Shadow Creatures         Summ           N/A          100%        6    #######


Dungeon Overview and Level Annotations

Branches:
Dungeon (11/15)            Temple (0/1) D:5            Lair (6/6) D:11
 Shoals (0/4) Lair:2       Spider (0/4) Lair:4          Orc (0/2) D:11
  Slime: Lair:5-6

Altars:
Cheibriados
Fedhas
Okawaru
Ru
Sif Muna
Xom
Zin
The Shining One

Shops:
D:8 :   D:11 (

Annotations:
D:5 2 runed translucent doors
Lair:6 exclusion: oklob plant, Sonja


Innate Abilities, Weirdness & Mutations

You reflexively headbutt those who attack you in melee.
You have a pair of horns on your head.


Message History

The six-headed hydra closely misses you.
The six-headed hydra barely misses you. The six-headed hydra bites you.
* * * LOW HITPOINT WARNING * * *
The six-headed hydra bites you but does no damage.
As you read the scroll of teleportation, it crumbles to dust.
You feel strangely unstable. The six-headed hydra barely misses you.
You furiously retaliate!
You headbutt the six-headed hydra.
The six-headed hydra closely misses you.
The six-headed hydra bites you.
* * * LOW HITPOINT WARNING * * *
The six-headed hydra bites you.
* * * LOW HITPOINT WARNING * * *
The six-headed hydra closely misses you.
The six-headed hydra misses you. The six-headed hydra bites you!
* * * LOW HITPOINT WARNING * * *
You feel as though you will be slow longer.
The six-headed hydra bites you.
* * * LOW HITPOINT WARNING * * *
The six-headed hydra bites you!
You die...

...#...............>.≈≈≈≈≈....P.#
....................≈≈≈≈≈≈.P.....
).............#.#..≈≈≈≈≈≈≈..P....
P.)............#.#.≈≈≈≈≈≈≈.......
#####.........P##..≈≈≈≈≈..#.....#
### ##........P##....≈≈..[.#..P..
..# ####....#####..D.....##P...P
..#### #.##.# ####....####.....#
..##.######### #@##......###P...#
....###.#########D...######......
.....#P...#.##P......# #.#.....
...........#.......### #......#
#..........##......# ##....###
###...P..###......## #.##..# #
#......# ##.....# ##########
###....### ####.## #....# ##
##.....##### ### ##....# #.


You could see a six-headed hydra.

Vanquished Creatures
  5 hydras
  A centaur warrior (D:9)
  2 two-headed ogres
  5 death yaks (Lair:5)
  Nergalle (Lair:2)
  A deep elf mage (D:9)
  2 cyclopes
  An elephant (Lair:5)
  A black mamba (Lair:1)
  A centaur zombie (D:10)
  Psyche (D:10)
  12 spiny frogs
  5 komodo dragons
  A troll (D:9)
  Grinder (D:5)
  3 hornets
  14 blink frogs
  3 hippogriffs
  4 dream sheep (Lair:5)
  A spriggan (D:8)
  A wraith (D:9)
  Sigmund (D:3)
  A wyvern (Lair:5)
  2 basilisks
  24 yaks
  2 hungry ghosts
  A steam dragon (D:11)
  4 wargs (D:11)
  2 water moccasins
  8 porcupines
  7 orc warriors
  4 ice beasts
  2 necrophages (D:9)
  9 sky beasts
  2 hornet zombies (D:9)
  7 ogres
  8 wolves
  4 centaurs
  11 crocodiles
  10 bullfrogs
  A gnoll sergeant (D:9)
  A scorpion (D:10)
  4 electric eels
  7 howler monkeys
  2 wights (D:9)
  4 crimson imps
  A quasit (D:6)
  3 hounds
  6 jellies
  10 orc priests
  14 orc wizards
  2 bullfrog skeletons
  A centaur skeleton (D:7)
  Natasha (thrice) (D:2)
  4 iguanas
  7 worker ants
  A hound zombie (D:10)
  A hound skeleton (D:7)
  A howler monkey zombie (D:6)
  Robin (D:2)
  2 worker ant zombies
  A howler monkey skeleton (D:5)
  12 adders
  A shadow imp (D:6)
  An ooze (D:3)
  An adder zombie (D:9)
  2 adder skeletons
  A worm (D:3)
  A dart slug (D:2)
  6 leopard geckos
  54 orcs
  5 giant cockroaches
  13 goblins
  10 hobgoblins
  4 jackals
  8 kobolds
  8 quokkas
  A ball python (D:1)
  10 bats
  4 frilled lizards
  A quokka zombie (D:5)
  14 rats
  A fungus (D:1)
  2 plants
412 creatures vanquished.

Vanquished Creatures (others)
  A fungus (Lair:6)
  7 plants
  4 toadstools (D:1)
12 creatures vanquished.

Grand Total: 424 creatures vanquished

Notes
Turn   | Place    | Note
-------+----------+-------------------------------------------
     0 | D:1      | Curus the Minotaur Gladiator began the quest for the Orb.
     0 | D:1      | Reached XP level 1. HP: 18/18 MP: 0/0
    94 | D:1      | Reached XP level 2. HP: 19/25 MP: 1/1
   302 | D:1      | Reached skill level 5 in Staves
   388 | D:1      | Reached XP level 3. HP: 23/30 MP: 2/2
   746 | D:2      | Noticed Natasha
   752 | D:2      | Killed Natasha
   752 | D:2      | Reached XP level 4. HP: 29/37 MP: 3/3
   857 | D:2      | Noticed Natasha
   870 | D:2      | Killed Natasha
  1063 | D:2      | Noticed Natasha
  1073 | D:2      | Killed Natasha
  1073 | D:2      | Reached XP level 5. HP: 18/42 MP: 4/4
  1243 | D:2      | Noticed Robin
  1249 | D:2      | Killed Robin
  1293 | D:2      | Found a faded altar of an unknown god.
  1570 | D:2      | Found an iron altar of Okawaru.
  1571 | D:2      | Found a shimmering altar of Xom.
  1572 | D:2      | Found a glowing silver altar of Zin.
  1578 | D:2      | Became a worshipper of Warmaster Okawaru
  2032 | D:3      | Noticed Sigmund
  2042 | D:3      | Killed Sigmund
  2042 | D:3      | Reached * piety under Okawaru
  2042 | D:3      | Reached XP level 6. HP: 39/50 MP: 5/5
  2384 | D:3      | Found a snail-covered altar of Cheibriados.
  2647 | D:4      | Reached XP level 7. HP: 25/56 MP: 6/6
  2977 | D:4      | Found a sacrificial altar of Ru.
  3149 | D:4      | Reached skill level 10 in Staves
  3460 | D:5      | Entered Level 5 of the Dungeon
  3533 | D:5      | Found a runed translucent door.
  3534 | D:5      | Found a runed translucent door.
  3535 | D:5      | You fall into a shaft and drop 2 floors!
  3672 | D:7      | Noticed a hungry ghost
  3678 | D:7      | Reached ** piety under Okawaru
  3688 | D:7      | Killed a hungry ghost
  3688 | D:7      | Reached XP level 8. HP: 43/62 MP: 7/7
  3694 | D:7      | Got a crude ring mail
  3752 | D:7      | Identified the +0 ring mail of the Ego {*Slow rC+ Int+3
                  | SInv} (You found it on level 7 of the Dungeon)
  4052 | D:5      | Found a staircase to the Ecumenical Temple.
  4213 | D:5      | Noticed Grinder
  4220 | D:5      | Killed Grinder
  4400 | D:5      | Reached *** piety under Okawaru
  4800 | D:6      | Reached XP level 9. HP: 66/68 MP: 8/8
  5990 | D:8      | Noticed a two-headed ogre
  6000 | D:8      | Killed a two-headed ogre
  6000 | D:8      | Reached **** piety under Okawaru
  6139 | D:8      | Noticed a komodo dragon
  6152 | D:8      | Killed a komodo dragon
  6457 | D:8      | Found a shimmering blue altar of Sif Muna.
  6585 | D:8      | Found Along's Book Shop.
  6705 | D:8      | Reached ***** piety under Okawaru
  6705 | D:8      | Reached XP level 10. HP: 83/86 MP: 9/9
  7327 | D:9      | Received a gift from Okawaru
  7469 | D:9      | Noticed a cyclops
  7478 | D:9      | Killed a cyclops
  7516 | D:9      | Noticed a centaur warrior
  7520 | D:9      | Killed a centaur warrior
  7520 | D:9      | Reached skill level 10 in Fighting
  7571 | D:9      | Reached skill level 10 in Dodging
  7818 | D:9      | Noticed a deep elf mage
  7824 | D:9      | Killed a deep elf mage
  7824 | D:9      | Reached XP level 11. HP: 82/101 MP: 10/10
  8098 | D:10     | Entered Level 10 of the Dungeon
  8107 | D:10     | You are sucked into a shaft and drop 1 floor!
  8108 | D:11     | Found a staircase to the Orcish Mines.
  8131 | D:11     | Paralysed by a hornet for 1 turns
  8272 | D:11     | Noticed a two-headed ogre
  8545 | D:10     | Noticed Psyche
  8558 | D:10     | Killed Psyche
  8558 | D:10     | Received a gift from Okawaru
  8559 | D:10     | Found the +0 pair of fencer's gloves {Riposte Dex+3}
  8970 | D:10     | Found a glowing golden altar of the Shining One.
  9219 | D:11     | Killed a two-headed ogre
  9330 | D:11     | Found a staircase to the Lair.
  9893 | D:11     | Found Lapun's Weapon Emporium.
  9909 | Lair:1   | Entered Level 1 of the Lair of Beasts
 10043 | Lair:1   | Reached skill level 1 in Invocations
 10043 | Lair:1   | Reached skill level 1 in Evocations
 10911 | Lair:2   | Reached XP level 12. HP: 100/113 MP: 13/13
 11260 | Lair:2   | Paralysed by a hornet for 3 turns
 11628 | Lair:2   | Noticed Nergalle
 11630 | Lair:2   | Noticed a six-headed hydra
 11650 | Lair:2   | Killed Nergalle
 11650 | Lair:2   | Reached skill level 5 in Invocations
 11660 | Lair:2   | Killed a six-headed hydra
 11660 | Lair:2   | Reached ****** piety under Okawaru
 11660 | Lair:2   | Received a gift from Okawaru
 11660 | Lair:2   | Reached skill level 5 in Evocations
 11661 | Lair:2   | Got a fine quarterstaff {god gift}
 11666 | Lair:2   | Identified the +5 quarterstaff "Xifaemiq" {antimagic,
                  | Str+7} (Okawaru gifted it to you on level 2 of the Lair of
                  | Beasts)
 11986 | Lair:2   | Noticed a seven-headed hydra
 11993 | Lair:2   | Killed a seven-headed hydra
 12088 | Lair:2   | Found a staircase to the Shoals.
 12762 | Lair:3   | Noticed a six-headed hydra
 12770 | Lair:3   | Killed a six-headed hydra
 13131 | Lair:4   | Received a gift from Okawaru
 13380 | Lair:4   | Noticed a four-headed hydra
 13399 | Lair:4   | Killed a four-headed hydra
 13399 | Lair:4   | Reached XP level 13. HP: 60/122 MP: 13/17
 13489 | Lair:4   | Found a hole to the Spider Nest.
 14286 | Lair:5   | Received a gift from Okawaru
 15039 | Lair:6   | Entered Level 6 of the Lair of Beasts
 15063 | Lair:6   | Found a blossoming altar of Fedhas.
 15134 | Lair:6   | Noticed Sonja
 15163 | Lair:5   | HP: 5/124 [six-headed hydra (6)]
 15163 | Lair:5   | HP: 2/124 [six-headed hydra (3)]
 15163 | Lair:5   | Slain by a six-headed hydra

Levels and vault maps discovered:
D:1:      roderic_octagonal_star, layout_loops_ring, minmay_gold_behind_fungi
D:2:      layout_basic, minitemple, chequers_ecumenical_altar_twisty,
          uniq_natasha, uniq_robin
D:3:      layout_basic, lemuel_coloured_pillars_altar, first_ration,
          uniq_sigmund
D:4:      minmay_general_purpose_star, layout_basic,
          nicolae_ru_the_path_less_chosen, corexii_shack, kennysheep_crisscross
D:5:      lemuel_insect_pit, layout_loops_ring, kennysheep_generic_room_10,
          uniq_grinder
D:6:      layout_basic
D:7:      layout_cave_pools
D:8:      layout_loops_cross, led_sif_pool, serial_shops, kennysheep_little_box,
          grunt_pizzeria
D:9:      minmay_the_grid_square_5x5_4x4 [minmay_the_grid_square_5x5_seven,
          minmay_the_grid_square_5x5_tetrominoes,
          minmay_the_grid_square_5x5_six, minmay_the_grid_square_5x5_inset,
          minmay_the_grid_square_5x5_two_walls_a,
          minmay_the_grid_square_5x5_prize_pseudospiral,
          minmay_the_grid_square_5x5_prize_rear_guard,
          minmay_the_grid_square_5x5_sharp_hourglass,
          minmay_the_grid_square_5x5_three,
          minmay_the_grid_square_5x5_prize_deathbox,
          minmay_the_grid_square_5x5_prize_monsterx,
          minmay_the_grid_square_5x5_hourglass,
          minmay_the_grid_square_5x5_pentomino_r,
          minmay_the_grid_square_5x5_checkered,
          minmay_the_grid_square_5x5_fancy_junction,
          minmay_the_grid_square_5x5_half_checkered], layout_rooms
D:10:     layout_irregular_city, lemuel_tele_altar, uniq_psyche
D:11:     layout_loops_corners, erik_lair_orcish_takeover, erik_orc_4,
          serial_shops, shop, small_statue_alley_a
Lair:1:   layout_loops_ring, chequers_serial_rivers_micro_a, minmay_hedge_maze,
          hibernation_bobbens, serial_bayou_shore_a, grunt_megastairs_2,
          lemuel_fruit_tree
Lair:2:   cheibrodos_lair_overgrown_chateau, layout_cave_shapes,
          shoals_dummy_entry, serial_bayou_shore_b, uniq_nergalle
Lair:3:   layout_regular_city, beast_lair_carwin_3
Lair:4:   layout_roguey, spider_nest_entry_web_field
Lair:5:   layout_concentric_octagons, beast_lair_carwin_1,
          infiniplex_staircase_pool, grunt_megastairs_3, serial_bayou_shore_b
Lair:6:   guppyfry_lair_end_dragon, layout_concentric_octagons, wormcave,
          slime_altar_1, tgw_fedhas, uniq_sonja

Skill      XL: |  1  2  3  4  5  6  7  8  9 10 11 12 13 |
---------------+----------------------------------------+-----
Staves         | 4 5 6 8 9 11 13 14 | 14.0
Fighting       | 7 10 12 13 14 | 14.2
Dodging        | 7 10 11 12 13 | 13.4
Invocations    | 3 7 |  7.4
Evocations     | 2 6 |  6.7
Throwing       | |  2.0

Action                   |  1- 3 |  4- 6 |  7- 9 | 10-12 | 13-15 || total
-------------------------+-------+-------+-------+-------+-------++-------
Melee: Quarterstaff      |   102 |   116 |   293 |   179 |     4 ||   694
       Headbutt          |    13 |    12 |    52 |   176 |    40 ||   293
       Lajatang          |       |       |       |   413 |   112 ||   525
Throw: Throwing net      |       |       |     1 |       |       ||     1
Invok: Heroism           |       |       |       |     5 |       ||     5
Evoke: Wand              |       |       |       |     2 |     1 ||     3
  Use: Scroll            |     2 |     7 |     3 |    12 |     2 ||    26
       Potion            |     1 |     3 |     4 |     7 |     2 ||    17
 Stab: Invisible         |       |       |       |     5 |       ||     5
  Eat: Chunk             |       |     6 |    10 |    19 |     4 ||    39
       Ration            |       |       |     1 |     1 |     1 ||     3
Armor: Leather armour    |    25 |    19 |    15 |       |       ||    59
       Ring mail         |       |       |    39 |    73 |    17 ||   129
Dodge: Dodged            |    47 |    47 |   117 |   364 |   106 ||   681
       Rpst.: Lajatang   |       |       |       |    68 |    19 ||    87
       Quarterstaff      |       |       |       |     1 |       ||     1
